AoeStats
← crtolino93

Nomad

504218853Analyzed
4v4 RM · 29d ago on Sep 4, 2026· 50m 12s· 8 players
Game mode
Random Map
Map size
231×231
Population
200
Speed
Normal
Resources
Standard
Victory
Conquest
Starting age
Dark Age
Ending age
Imperial Age
RankedLock teamsTeams togetherTeam positionsShared explorationLock speedFull tech treeHidden civsTurbo modeCheats
Victory
Defeat
🇮🇳 Italians · India
1152
+15
🇹🇼 Japanese · Taiwan
1148
+15
🇨🇳 Georgians · China
1136
+16
🇨🇳 Persians · China
1129
+16
🇭🇰 Franks · Hong Kong SAR China
1189
-18
🇸🇮 Vikings · Slovenia
1165
-17
🇹🇷 Huns · Türkiye
1090
-14
🇩🇪 Italians · Germany
1079
-13
Vector
4:34 Loom
15:06 Feudal Age
16:22 Double-Bit Axe
21:21 Castle Age
19:58 Horse Collar
23:03 Fletching
23:14 Padded Archer Armor
27:52 Ballistics
28:30 Bodkin Arrow
30:20 Wheelbarrow
30:54 Medium Warships
31:43 Leather Archer Armor
31:59 Medium Warships
34:45 Imperial Age
36:48 Chemistry
37:00 Bracer
38:40 Conscription
39:52 Town Watch
43:38 Thumb Ring
48:43 Gold Mining
49:45 Ring Archer Armor
xwy
3:09 Loom
12:52 Feudal Age
17:06 Castle Age
16:09 Wheelbarrow
16:07 Double-Bit Axe
16:19 Horse Collar
31:29 Imperial Age
29:20 Hand Cart
29:51 Scale Barding Armor
30:13 Forging
30:35 Gold Mining
31:04 Stone Mining
31:38 Bloodlines
31:29 Husbandry
32:15 Gold Shaft Mining
33:21 Chain Barding Armor
32:46 Cavalier
34:26 Bow Saw
39:05 Savar
43:47 Plate Barding Armor
45:01 Iron Casting
48:34 Two-Man Saw
47:47 Light Cavalry
49:40 Blast Furnace
49:20 Conscription
49:13 Town Watch
penguin952730
12:10 Feudal Age
14:47 Loom
21:00 Castle Age
18:56 Double-Bit Axe
19:52 Horse Collar
22:17 Heavy Plow
25:34 Bow Saw
29:06 Scale Mail Armor
29:24 Gold Mining
30:17 Forging
31:01 Squires
31:50 Chain Mail Armor
31:45 Arson
38:39 Imperial Age
37:58 Iron Casting
39:42 Conscription
40:49 Blast Furnace
40:19 Kataparuto
41:32 Elite Samurai
44:06 Plate Mail Armor
Tamerlane
7:48 Loom
12:39 Feudal Age
13:11 Double-Bit Axe
15:53 Town Watch
17:25 Fletching
22:14 Castle Age
21:22 Stone Mining
22:35 Wheelbarrow
22:48 Forging
24:56 Scale Barding Armor
24:17 Pikeman
26:08 Bloodlines
25:58 Husbandry
27:17 Husbandry
28:09 Svan Towers
31:10 Ballistics
31:55 Guard Tower
33:54 Bodkin Arrow
38:18 Treadmill Crane
41:09 Murder Holes
50:53 Imperial Age
49:37 Padded Archer Armor
49:57 Masonry
50:04 Bow Saw
49:44 Gold Mining
50:29 Stone Shaft Mining
crtolino93
4:23 Loom
14:32 Feudal Age
16:12 Double-Bit Axe
19:56 Castle Age
18:26 Fletching
18:32 Horse Collar
19:30 Padded Archer Armor
19:26 Fishing Lines
21:13 Leather Archer Armor
23:47 Bodkin Arrow
23:49 Gold Mining
24:15 Stone Mining
24:58 Man-at-Arms
28:45 Bow Saw
30:46 Town Watch
33:45 Imperial Age
31:40 Ballistics
32:10 Pikeman
32:53 Scale Mail Armor
33:04 Forging
32:57 Squires
33:50 Chain Mail Armor
37:28 Conscription
37:37 Bracer
38:10 Plate Mail Armor
38:59 Gillnets
39:47 Heavy Plow
39:23 Long Swordsman
39:49 Gambesons
40:42 Iron Casting
41:18 Two-Handed Swordsman
41:44 Arson
43:03 Blast Furnace
45:19 Chieftains
47:25 Medium Warships
48:07 Murder Holes
48:23 Masonry
48:58 Hoardings
blk_panther
5:04 Loom
14:32 Feudal Age
18:18 Castle Age
18:28 Double-Bit Axe
19:19 Bow Saw
19:07 Fishing Lines
19:50 Gillnets
21:20 Medium Warships
21:25 Gold Mining
21:27 Stone Mining
29:24 Imperial Age
28:07 Padded Archer Armor
28:01 Fletching
28:53 Ballistics
32:48 Two-Man Saw
31:30 Horse Collar
34:36 Bodkin Arrow
35:41 Bracer
36:43 Padded Archer Armor
41:49 Elite Genoese Crossbowman
44:02 Leather Archer Armor
45:44 Conscription
45:58 Ring Archer Armor
46:39 Chemistry
ChuckMawHinneyS
13:18 Loom
15:24 Feudal Age
16:47 Double-Bit Axe
19:24 Fletching
20:55 Man-at-Arms
25:59 Castle Age
27:13 Gold Mining
27:42 Padded Archer Armor
27:38 Bodkin Arrow
28:31 Wheelbarrow
33:51 Thumb Ring
36:15 Bow Saw
37:42 Ballistics
38:30 Gold Shaft Mining
38:34 Horse Collar
39:46 Marauders
40:32 Leather Archer Armor
AM830 MK
14:31 Feudal Age
19:44 Castle Age
17:43 Double-Bit Axe
19:04 Stone Mining
19:04 Gold Mining
19:33 Forging
21:15 Bow Saw
35:05 Wheelbarrow
34:15 Town Watch
35:33 Husbandry
37:27 Hand Cart
37:12 Town Patrol
40:28 Imperial Age
38:57 Gold Shaft Mining
38:56 Scale Barding Armor
39:28 Iron Casting
42:26 Chain Barding Armor
42:18 Cavalier
Connection lost

Rejoining the realm…

Still unreachable

The connection could not be restored.

Session expired

The server has moved on; the page needs a fresh start.